 Dungeon Crawl Stone Soup version 0.26-a0-976-gd3b5134375 (webtiles) character file.

Game seed: 9245341726835200040

86 Gargoyl the Skirmisher (level 4, 32/32 HPs)
             Began as a Gnoll Abyssal Knight on Dec 5, 2020.
             Was an Initiate of Lugonu.
             Quit the game on level 1 of the Dungeon.
             The game lasted 00:00:38 (348 turns).

Gargoyl the Skirmisher (Gnoll Abyssal Knight)        Turns: 348, Time: 00:00:39

Health: 32/32      AC:  3    Str: 15    XL:     4   Next: 49%
Magic:  7/7        EV: 13    Int: 14    God:    Lugonu [......]
Gold:   20         SH:  0    Dex: 15    Spells: 5/5 levels left

rFire    . . .     SeeInvis .   a - +1 hand axe
rCold    . . .     Faith    .   (no shield)
rNeg     . . .     Spirit   .   b - +0 leather armour
rPois    .         Reflect  .   (no helmet)
rElec    .         Harm     .   (no cloak)
rCorr    .         Rampage  .   (no gloves)
MR       .....                  (no boots)
Stlth    ++........             (no amulet)
HPRegen  0.10/turn              (no ring)
MPRegen  0.10/turn              (no ring)

@: no status effects
A: distributed training, fangs 1, [frail 2], strong nose
a: Renounce Religion


You were on level 1 of the Dungeon.
You worshipped Lugonu.
Lugonu was noncommittal.
You visited 1 branch of the dungeon, and saw 1 of its levels.
You visited the Abyss 1 time.

You collected 20 gold pieces.

Inventory:

Hand Weapons
 a - a +1 hand axe (weapon)
Armour
 b - a +0 leather armour (worn)


   Skills:
 + Level 6.6 Fighting
 + Level 1.1 Short Blades
 + Level 1.1 Long Blades
 + Level 4.6 Axes
 + Level 1.1 Maces & Flails
 + Level 1.1 Polearms
 + Level 1.1 Staves
 + Level 1.1 Slings
 + Level 1.1 Bows
 + Level 1.1 Crossbows
 + Level 1.1 Throwing
 + Level 4.6 Armour
 + Level 2.7 Dodging
 + Level 1.1 Stealth
 + Level 1.1 Shields
 + Level 1.1 Unarmed Combat
 + Level 1.1 Spellcasting
 + Level 0.9 Conjurations
 + Level 0.9 Hexes
 + Level 0.9 Summonings
 + Level 0.9 Necromancy
 + Level 0.9 Translocations
 + Level 0.9 Transmutations
 + Level 0.9 Fire Magic
 + Level 0.9 Ice Magic
 + Level 0.9 Air Magic
 + Level 0.9 Earth Magic
 + Level 0.9 Poison Magic
 + Level 4.7 Invocations
 + Level 1.1 Evocations


You had 5 spell levels left.
You didn't know any spells.
Your spell library was empty.

Dungeon Overview and Level Annotations

Branches:
Dungeon (1/15)

Altars:


Innate Abilities, Weirdness & Mutations

Your experience applies equally to all skills.
You have very sharp teeth.
Your uncanny sense of smell can sniff out nearby items.
[You are very frail. (-20% HP)]


Message History

The ball python completely misses you. The ball python constricts you.
You slash the ball python!
You kill the ball python!
Lugonu accepts your kill.
You see here a ball python corpse.
HP restored.
A bat comes into view.
A bat is nearby!
A bat is nearby!
A bat is nearby!
The bat closely misses you. The bat closely misses you. The bat misses you.
You closely miss the bat. The bat closely misses you.
The bat barely misses you.
You slash the bat!
You kill the bat!
Lugonu accepts your kill.
Are you sure you want to abandon this character and quit the game? (Confirm with "yes".)
Okay, then.
Are you sure you want to abandon this character and quit the game? (Confirm with "yes".)

.# .# .# ####.#. ..
#..... .# #.#..# .#
#.#..###.#
#.#...@.?#####.
#.#.###........
#####.........#####
#.............#
##.###.†.#####.#
#####...###### .#
#...........# .#
#.###...###.# .#
#.......#.#


There were no monsters in sight!

Vanquished Creatures
  An eye of draining (Abyss:1)
  A ball python (D:1)
  A bat (D:1)
3 creatures vanquished.

Vanquished Creatures (others)
  7 demonic plants (Abyss:1)
7 creatures vanquished.

Grand Total: 10 creatures vanquished

Notes
Turn   | Place    | Note
-------+----------+-------------------------------------------
     0 | Abyss:1  | Gargoyl the Gnoll Abyssal Knight began the quest for the
                  | Orb.
     0 | Abyss:1  | Reached XP level 1. HP: 23/23 MP: 3/3
    64 | Abyss:1  | Noticed a small abomination
   175 | Abyss:1  | Noticed an eye of draining
   189 | Abyss:1  | Killed an eye of draining
   190 | Abyss:1  | Reached skill level 1 in Short Blades
   190 | Abyss:1  | Reached skill level 1 in Long Blades
   190 | Abyss:1  | Reached skill level 1 in Maces & Flails
   190 | Abyss:1  | Reached skill level 1 in Polearms
   190 | Abyss:1  | Reached skill level 1 in Staves
   190 | Abyss:1  | Reached skill level 1 in Slings
   190 | Abyss:1  | Reached skill level 1 in Bows
   190 | Abyss:1  | Reached skill level 1 in Crossbows
   190 | Abyss:1  | Reached skill level 1 in Throwing
   190 | Abyss:1  | Reached skill level 1 in Stealth
   190 | Abyss:1  | Reached skill level 1 in Shields
   190 | Abyss:1  | Reached skill level 1 in Unarmed Combat
   190 | Abyss:1  | Reached skill level 1 in Spellcasting
   190 | Abyss:1  | Reached skill level 1 in Evocations
   190 | Abyss:1  | Reached XP level 2. HP: 29/29 MP: 1/5
   190 | Abyss:1  | Reached XP level 3. HP: 35/35 MP: 1/6
   190 | Abyss:1  | Reached XP level 4. HP: 41/41 MP: 1/7
   260 | Abyss:1  | Noticed a small abomination
   273 | Abyss:1  | Noticed a wretched star
   274 | D:1      | Escaped the Abyss
   348 | D:1      | Quit the game

Illustrated notes

Levels and vault maps discovered:
D:1:      dpeg_arrival_court, layout_basic

Skill      XL: |  1 |
---------------+----+-----
Short Blades   | 1 |  1.1
Long Blades    | 1 |  1.1
Maces & Flails | 1 |  1.1
Polearms       | 1 |  1.1
Staves         | 1 |  1.1
Slings         | 1 |  1.1
Bows           | 1 |  1.1
Crossbows      | 1 |  1.1
Throwing       | 1 |  1.1
Stealth        | 1 |  1.1
Shields        | 1 |  1.1
Unarmed Combat | 1 |  1.1
Spellcasting   | 1 |  1.1
Evocations     | 1 |  1.1
Fighting       | |  6.6
Axes           | |  4.6
Armour         | |  4.6
Dodging        | |  2.7
Conjurations   | |  0.9
Hexes          | |  0.9
Summonings     | |  0.9
Necromancy     | |  0.9
Translocations | |  0.9
Transmutations | |  0.9
Fire Magic     | |  0.9
Ice Magic      | |  0.9
Air Magic      | |  0.9
Earth Magic    | |  0.9
Poison Magic   | |  0.9
Invocations    | |  4.7

Action                   |  1- 3 |  4- 6 || total
-------------------------+-------+-------++-------
Melee: Hand axe          |    11 |     7 ||    18
       Bite              |     3 |       ||     3
Invok: Depart the Abyss  |       |     1 ||     1
Armor: Leather armour    |       |     3 ||     3
Dodge: Dodged            |       |    10 ||    10

Table legend: (Time is in decaauts)
 A = Elapsed time spent in this place.
 B = Non-inter-level travel time spent in this place.
 C = Inter-level travel time spent in this place.
 D = Time resting spent in this place.
 E = Time spent auto-exploring this place.
 F = Levels seen in this place.
 G = Mean time per level.
                   A        B        C        D        E       F      G
               +--------+--------+--------+--------+--------+-----+--------+
         Total |    349 |    349 |      0 |    100 |    193 |   2 |  174.5 |
       Dungeon |     74 |     74 |      0 |      0 |     55 |   1 |   74.0 |
         Abyss |    274 |    274 |      0 |    100 |    138 |   1 |  274.0 |
               +--------+--------+--------+--------+--------+-----+--------+

Top non-repeatable levels by time:
 Abyss:1: 274 daAuts
     D:1: 74 daAuts
